 Dungeon Crawl Stone Soup version 0.20.1-1-g8b1a95d (webtiles) character file.

420 MajesticThrust the Cudgeler (level 6, 0/37 HPs)
             Began as a Gargoyle Fighter on Sept 29, 2017.
             Was a Follower of Qazlal.
             Killed from afar by Ijyb (7 damage)
             ... with a wand of acid (?/15)
             ... on level 5 of the Dungeon.
             The game lasted 00:19:38 (4281 turns).

MajesticThrust the Cudgeler (Gargoyle Fighter)      Turns: 4281, Time: 00:19:48

Health: 0/37       AC: 11    Str: 21    XL:     6   Next: 94%
Magic:  0/6        EV:  7    Int:  8    God:    Qazlal [*.....]
Gold:   217        SH: 12    Dex: 10    Spells: 5/5 levels left

rFire    . . .     SeeInvis .   a - +2 flail
rCold    . . .     Gourm    .   c - +0 shield
rNeg     + . .     Faith    .   b - +0 scale mail
rPois    ∞         Spirit   +   (no helmet)
rElec    +         Reflect  .   y - scarf {Spirit}
rCorr    .         Harm     .   i - +0 pair of gloves
MR       .....                  v - +1 pair of boots {Stlth+}
Stlth    +.........             (no amulet)
Regen    0.2/turn               (no ring)
MPRegen  0.1/turn               (no ring)

@: corroded
A: negative energy resistance 1, electricity resistance, unbreathing,
petrification resistance, rot immunity, AC +4
a: Renounce Religion


You were on level 5 of the Dungeon.
You worshipped Qazlal.
Qazlal was aware of your devotion.
You were hungry.

You visited 2 branches of the dungeon, and saw 6 of its levels.

You collected 217 gold pieces.

Inventory:

Hand Weapons
 a - a +2 flail (weapon)
Missiles
 j - 57 stones (quivered)
Armour
 b - a +0 scale mail (worn)
 c - a +0 shield (worn)
 i - a +0 pair of gloves (worn)
 v - a +1 pair of boots of stealth (worn)
 y - a scarf of spirit shield (worn)
Wands
 z - a wand of digging (15/24)
Scrolls
 e - 6 scrolls of remove curse
 h - 5 scrolls of identify
 m - a scroll of teleportation
 u - 2 scrolls of recharging
 w - a scroll of enchant weapon
Potions
 d - 2 potions of might
 g - a potion of heal wounds {unknown}
 l - a potion of flight {unknown}
 n - 2 potions of curing {unknown}
 o - 2 potions of ambrosia {unknown}
 p - a potion of lignification {unknown}
 t - a potion of degeneration {unknown}
 x - a potion of agility {unknown}
Comestibles
 f - 7 bread rations
 k - 3 royal jellies
 q - 13 fruits
 s - 2 meat rations


   Skills:
 - Level 3.4 Fighting
 * Level 5.1 Maces & Flails
 + Level 5.0 Armour
 + Level 5.0 Shields


You had 5 spell levels left.
You didn't know any spells.

Dungeon Overview and Level Annotations

Branches:
Dungeon (5/15)             Temple (1/1) D:4

Altars:
Ashenzari
Cheibriados
Dithmenos
Elyvilon
Fedhas
Gozag
Hepliaklqana
Kikubaaqudgha
Makhleb
Nemelex Xobeh
Okawaru
Qazlal
Ru
Sif Muna
Trog
Uskayaw
Vehumet
Xom
Yredelemnul
Zin
The Shining One

Annotations:
D:5 Ijyb


Innate Abilities, Weirdness & Mutations

You are resistant to torment.
Your stone body is resilient. (AC +4)
You are immune to poison.
You resist negative energy. (rN+)
You are resistant to electric shocks. (rElec)
You can survive without breathing.
You are immune to petrification.
You are immune to rotting.


Message History

The phantom is heavily damaged.
The phantom hits you but does no damage.
You hit the phantom.
The phantom is heavily damaged.
The phantom hits you but does no damage. x2
You thump the phantom!
The phantom is severely damaged.
You block the phantom's attack.
You hit the phantom.
The phantom is severely damaged.
The phantom blinks!
You hit Ijyb but do no damage. Ijyb closely misses you.
You hit Ijyb.
Ijyb is lightly wounded.
Ijyb zaps a wand.
The bolt of acid hits you!
* * * LOW HITPOINT WARNING * * *
The acid corrodes you!
You are splashed with acid!
The acid burns!
* * * LOW HITPOINT WARNING * * *
It is a wand of acid (?/15).
Ijyb zaps a wand.
The bolt of acid hits you!
You die...

# .# #........... # .#
#........?.# ##.#
#..........# .#.#
#..........# .#.#
#..........##.# ...#
#.......^.....# #..#
#..........# #..#
###########g#### ...#
#.........@.#
#..####......##########
#.>...#...............#
#..##.#......###......#
#..##.###.#....+......#
....#.###.######..<...#
....#.....# #......#
....####### #......#
....# #......#


You could see Ijyb.

Vanquished Creatures
  A howler monkey (D:5)
  A crimson imp (D:5)
  A bullfrog zombie (D:5)
  A jelly (D:3)
  An orc priest (D:3)
  4 worker ants
  A hound zombie (D:5)
  5 adders
  An ooze (D:1)
  An adder zombie (D:5)
  4 worms
  2 dart slugs (D:2)
  A leopard gecko (D:1)
  4 orcs (D:3)
  6 giant cockroaches
  8 goblins
  10 hobgoblins
  4 jackals (D:4)
  12 kobolds
  A quokka (D:3)
  6 bats
  4 frilled lizards
  6 rats
85 creatures vanquished.

Notes
Turn   | Place    | Note
-------+----------+-------------------------------------------
     0 | D:1      | MajesticThrust the Gargoyle Fighter began the quest for the Orb.
     0 | D:1      | Reached XP level 1. HP: 14/14 MP: 1/1
   230 | D:1      | Reached XP level 2. HP: 19/19 MP: 2/2
   686 | D:1      | Reached XP level 3. HP: 22/23 MP: 3/3
  1394 | D:2      | Reached XP level 4. HP: 28/28 MP: 4/4
  1496 | D:2      | Found a stormy altar of Qazlal.
  1503 | D:2      | Became a worshipper of Qazlal Stormbringer
  2196 | D:3      | Reached XP level 5. HP: 8/32 MP: 5/5
  2198 | D:3      | Reached * piety under Qazlal
  2579 | D:3      | Found a blossoming altar of Fedhas.
  2934 | D:3      | Found a sacrificial altar of Ru.
  3200 | D:4      | Found a staircase to the Ecumenical Temple.
  3206 | Temple   | Entered the Ecumenical Temple
  3713 | D:4      | Reached XP level 6. HP: 37/37 MP: 6/6
  3950 | D:5      | Entered Level 5 of the Dungeon
  4057 | D:5      | Found a shadowy altar of Dithmenos.
  4143 | D:5      | Reached skill level 5 in Maces & Flails
  4153 | D:5      | Reached skill level 5 in Armour
  4153 | D:5      | Reached skill level 5 in Shields
  4268 | D:5      | Noticed Ijyb
  4268 | D:5      | Noticed a phantom
  4281 | D:5      | Killed from afar by Ijyb

Skill      XL: |  1  2  3  4  5  6 |
---------------+-------------------+-----
Armour         | 4 5 |  5.0
Shields        | 4 5 |  5.0
Maces & Flails | 3 4 5 |  5.1
Fighting       | |  3.4

Action                   |  1- 3 |  4- 6 || total
-------------------------+-------+-------++-------
Melee: Flail             |   137 |   213 ||   350
Throw: Stone             |    46 |   113 ||   159
  Use: Scroll            |     2 |     8 ||    10
  Eat: Chunk             |     2 |     8 ||    10
       Fruit             |       |     1 ||     1
Armor: Scale mail        |    66 |    99 ||   165
Dodge: Dodged            |    41 |    69 ||   110
Block: Shield            |    57 |    87 ||   144
